 Dungeon Crawl Stone Soup version 0.26-a0-757-g626ac9e51a (webtiles) character file.

Game seed: 4612813911599018448

1024 Spectrina the Cudgeler (level 7, 0/63 HPs)
             Began as a Demigod Delver on Nov 8, 2020.
             Slain by a two-headed ogre
             ... wielding a +0 giant club
              (14 damage)
             ... on level 4 of the Dungeon.
             The game lasted 00:21:58 (2424 turns).

Spectrina the Cudgeler (Demigod Delver)             Turns: 2424, Time: 00:21:58

Health: 0/63       AC: 11    Str: 15    XL:     7   Next: 71%
Magic:  9/9        EV:  8    Int: 23    God:
Gold:   233        SH:  7    Dex: 16    Spells: 6/6 levels left

rFire    . . .     SeeInvis .   d - +7 dagger "Ahujaeps" {freeze, rC++ Str-4 Int+9 Dex+3}
rCold    + + .     Faith    .   v - +0 kite shield
rNeg     . . .     Spirit   .   y - +0 chain mail
rPois    .         Reflect  .   (no helmet)
rElec    .         Harm     .   I - +2 cloak {MR+}
rCorr    .         Rampage  .   (no gloves)
MR       +....                  (no boots)
Stlth    ..........             n - amulet of magic regeneration
HPRegen  0.20/turn              G - +4 ring of evasion
MPRegen  0.36/turn              B - -4 ring of dexterity (curse)

@: no status effects
A: high mp 1
a: no special abilities


You were on level 4 of the Dungeon.
You visited 1 branch of the dungeon, and saw 6 of its levels.
You also visited: Sewer.

You collected 233 gold pieces.

Inventory:

Hand Weapons
 a - a +0 mace
 d - the +7 dagger "Ahujaeps" (weapon) {freeze, rC++ Str-4 Int+9 Dex+3}
   (You found it on level 5 of the Dungeon)

   It has been specially enchanted to freeze those struck by it, causing extra
   injury to most foes and up to half again as much damage against particularly
   susceptible opponents.
   It can also slow down cold-blooded creatures.
   It affects your strength (-4).
   It affects your intelligence (+9).
   It affects your dexterity (+3).
   It greatly protects you from cold.
 j - a +0 quarterstaff
 r - a +0 hunting sling
Missiles
 i - 50 bolts
 F - 21 poisoned darts (quivered)
 H - 4 boomerangs
Armour
 b - a +0 leather armour
 v - a +0 kite shield (worn)
 y - a +0 chain mail (worn)
 I - a +2 cloak of magic resistance (worn)
Jewellery
 k - the amulet "Qilanar" {Inacc Str+5}
   (You found it in a sewer)

   [amulet of inaccuracy]

   It reduces the accuracy of all your attacks.
   It affects your strength (+5).
 n - an amulet of magic regeneration (around neck)
 s - an uncursed ring of magical power
 B - a cursed -4 ring of dexterity (right hand)
 G - a +4 ring of evasion (left hand)
Wands
 g - a wand of digging (1)
Scrolls
 c - 4 scrolls of fog
 e - 3 scrolls of fear
 h - a scroll of noise
 m - 4 scrolls of teleportation
 o - 2 scrolls of magic mapping
 p - a scroll of amnesia
Potions
 f - a potion of invisibility {unknown}
 l - 3 potions of curing
 q - a potion of mutation {unknown}
 t - a potion of heal wounds
 u - a potion of ambrosia {unknown}
 x - 2 potions of magic
 z - 2 potions of haste
 A - 2 potions of brilliance {unknown}
 C - a potion of berserk rage {unknown}
 D - a potion of degeneration {unknown}
 E - a potion of might {unknown}


   Skills:
 - Level 6.0 Fighting
 + Level 6.8 Maces & Flails
 - Level 1.7 Dodging
 - Level 4.5 Stealth


You had 6 spell levels left.
You didn't know any spells.
Your spell library was empty.

Dungeon Overview and Level Annotations

Branches:
Dungeon (6/15)             Temple (0/1) D:5           Sewer (visited)

Annotations:
D:5 Pikel


Innate Abilities, Weirdness & Mutations

You have an increased reservoir of magic. (+10% MP)


Message History

The two-headed ogre barely misses you. You block the two-headed ogre's attack.
Quiver which item? (- for none, * to show all) (? for menu, Esc to quit)
Okay, then.
You feel sick.
Evoke which item? (* to show all) (? for menu, Esc to quit)
Okay, then.
Okay, then.
Evoke which item? (* to show all) (? for menu, Esc to quit)
Press: ? - help, Shift-Dir - straight line A rock wall.
The rock shatters into small pieces.
You feel sick.
Found a scroll labeled MIW OSO ROEG and a dagger.
The jackal barks!
You feel sick.
You are no longer poisoned.
The jackal barely misses you. You block the jackal's attack.
The two-headed ogre hits you with a +0 giant club!
You die...

#..........#..[.....#..
#......................
##.........#............
##s##########............
##o## #.......<.... ##.##
#............ #.##
##........### #.#s##
#########........##
#.###.####hO@..............#
#.#...#.##.o######..........#
###?..##.s.## ##.....(....#
#... ##.## ###...........#
#... ....# #.............##
#.).#.......................
#...###.......###........###
#... ###.######..##.###.##. #
.##.....###.###....


You could see a two-headed ogre, a scorpion, an orc and a jackal.

Vanquished Creatures
  Grinder (D:6)
  Prince Ribbit (D:5)
  A necrophage (D:4)
  2 lemures (D:5)
  A bullfrog (Sewer)
  A howler monkey (D:5)
  5 hounds
  A bullfrog skeleton (D:5)
  Terence (D:2)
  A howler monkey zombie (D:6)
  10 adders
  2 white imps (D:5)
  An ufetubus (D:5)
  An ooze (D:4)
  3 worms (D:2)
  2 dart slugs
  9 leopard geckos
  5 orcs
  A ball python (Sewer)
  14 giant cockroaches
  11 goblins
  7 hobgoblins
  3 jackals
  4 kobolds
  A quokka (D:3)
  4 bats
  7 frilled lizards
  6 rats
106 creatures vanquished.

Notes
Turn   | Place    | Note
-------+----------+-------------------------------------------
     0 | D:5      | Spectrina the Demigod Delver began the quest for the Orb.
     0 | D:5      | Reached XP level 1. HP: 18/18 MP: 3/3
    82 | D:6      | Noticed Grinder
    82 | D:6      | Noticed a hound
    97 | D:6      | Reached XP level 2. HP: 16/25 MP: 4/4
   105 | D:6      | Paralysed by Grinder for 6 turns
   117 | D:6      | Killed Grinder
   117 | D:6      | Reached skill level 5 in Maces & Flails
   117 | D:6      | Reached XP level 3. HP: 15/30 MP: 5/5
   117 | D:6      | Reached XP level 4. HP: 19/37 MP: 6/6
   117 | D:6      | Reached XP level 5. HP: 22/42 MP: 7/7
   145 | D:5      | Noticed Pikel
   173 | D:5      | HP: 2/42 [white imp (4)]
   239 | D:5      | Got a dazzling dagger
   242 | D:5      | Identified the +7 dagger "Ahujaeps" {freeze, rC++ Str-4
                  | Int+9 Dex+3} (You found it on level 5 of the Dungeon)
   255 | D:5      | HP: 1/42 [hound (4)]
   331 | D:5      | Reached XP level 6. HP: 12/51 MP: 8/8
   367 | D:5      | Found a glowing drain.
   421 | Sewer    | Entered a sewer
   643 | Sewer    | Got a brightly glowing brass amulet
   654 | Sewer    | Identified the amulet "Qilanar" {Inacc Str+5} (You found it
                  | in a sewer)
   721 | D:4      | Noticed a two-headed ogre
  1450 | D:2      | Noticed Terence
  1464 | D:2      | Killed Terence
  1549 | D:2      | Found a snail-covered altar of Cheibriados.
  1660 | D:3      | Reached skill level 5 in Fighting
  1808 | D:4      | Reached XP level 7. HP: 52/61 MP: 9/9
  1929 | D:5      | Noticed Prince Ribbit
  2263 | D:5      | Killed Prince Ribbit
  2424 | D:4      | Slain by a two-headed ogre

Illustrated notes

Levels and vault maps discovered:
D:1:      dpeg_arrival_castle, layout_loops_corners, serial_forest,
          infiniplex_forest_end_2, infiniplex_forest_end_1,
          infiniplex_forest_clump_medium, infiniplex_forest_lined_2,
          infiniplex_forest_clump_double, infiniplex_forest_end_double,
          infiniplex_forest_lined_room_3, infiniplex_forest_clump_medium,
          minmay_vboxes
D:2:      layout_basic, nicolae_overflow_crystal_walls, uniq_terence
D:3:      layout_loops_ring, lemuel_coloured_pillars_altar,
          amethyst_overflow_temple_binary, led_xom_imps
D:4:      layout_rooms, nicolae_dithmenos_through_a_glass_darkly,
          item_on_display_a
D:5:      layout_basic, minmay_temple_entry_statues_pillars,
          gup_sewer_entry_pipe, grunt_ministairs_1, uniq_prince_ribbit1,
          uniq_pikel
D:6:      layout_rooms, old_standard_altar, kennysheep_mini, ebering_ghost_xom,
          uniq_grinder

Skill      XL: |  1  2  3  4  5  6  7 |
---------------+----------------------+-----
Maces & Flails | 2 5 6 |  6.8
Fighting       | 3 5 6 |  6.0
Dodging        | |  1.7
Stealth        | |  4.5

Action                   |  1- 3 |  4- 6 |  7- 9 || total
-------------------------+-------+-------+-------++-------
Melee: Unarmed           |    26 |     4 |       ||    30
       Dagger            |       |   200 |    80 ||   280
       Mace              |       |     7 |       ||     7
Throw: Dart              |       |       |    12 ||    12
Evoke: Wand              |       |       |     2 ||     2
  Use: Potion            |     2 |       |       ||     2
       Scroll            |       |     1 |     4 ||     5
 Stab: Sleeping          |       |    14 |       ||    14
       Distracted        |       |     2 |       ||     2
Armor: Skin              |    35 |     4 |       ||    39
       Leather armour    |       |    25 |       ||    25
       Chain mail        |       |    26 |    34 ||    60
Dodge: Dodged            |    10 |    78 |    15 ||   103
Block: Kite shield       |       |    17 |    20 ||    37

Table legend: (Time is in decaauts)
 A = Elapsed time spent in this place.
 B = Non-inter-level travel time spent in this place.
 C = Inter-level travel time spent in this place.
 D = Time resting spent in this place.
 E = Time spent auto-exploring this place.
 F = Levels seen in this place.
 G = Mean time per level.
                   A        B        C        D        E       F      G
               +--------+--------+--------+--------+--------+-----+--------+
         Total |   2493 |   2449 |     44 |     27 |      0 |   7 |  356.1 |
       Dungeon |   2188 |   2144 |     44 |     27 |      0 |   6 |  364.7 |
         Sewer |    305 |    305 |      0 |      0 |      0 |   1 |  305.0 |
               +--------+--------+--------+--------+--------+-----+--------+

Top non-repeatable levels by time:
     D:5: 871 daAuts
     D:2: 434 daAuts
     D:1: 316 daAuts
   Sewer: 305 daAuts
     D:4: 294 daAuts
     D:3: 233 daAuts
     D:6: 38 daAuts
